[Event "*** Qualifier 4: Titled Tuesday 3|2 Blitz"]
[Site "Chess.com"]
[Date "2017.04.25"]
[Round "2"]
[White "dhanushbharadwaj"]
[Black "jcgs1030"]
[Result "1/2-1/2"]
[WhiteElo "2452"]
[BlackElo "2269"]
[TimeControl "180+2"]
[EndTime "13:21:23 PDT"]
[Termination "Game drawn by stalemate"]

1. Nf3 Nf6 2. c4 g6 3. b4 Bg7 4. Bb2 O-O 5. g3 c5 6. b5 a6 7. Bg2 axb5 8. cxb5 d5 9. O-O d4 10. e3 dxe3 11. dxe3 Be6 12. Qxd8 Rxd8 13. Ne5 Ng4 14. Bxb7 Ra7 15. Nc6 Nxc6 16. Bxg7 Na5 17. Bf3 Kxg7 18. Nc3 Ne5 19. Be2 Bc4 20. Rfd1 Rad7 21. Rxd7 Rxd7 22.
Bxc4 Nexc4 23. a4 f5 24. Rb1 Nb6 25. Ne2 Nxa4 26. b6 Rb7 27. Ra1 Nb3 28. Rxa4 Rxb6 29. Nc3 Rb7 30. Ra6 Kf7 31. Rc6 Ke8 32. Na4 Kd7 33. Rxc5 Nxc5 34. Nxc5+ Kc6 35. Nxb7 Kxb7 36. Kg2 e5 37. Kf3 Kc6 38. e4 Kc5 39. exf5 gxf5 40. Ke3 Kc4 41. g4 fxg4 42. Ke4 Kc3 43. Kxe5 Kd3 44. Kf4 Ke2 45. Kxg4 Kxf2 46. h4 Ke3 47. Kf5 h5 48. Ke5 Kf3 49. Kf5 Ke3 50.
Ke5 Kf3 51. Kf5 Ke3 52. Kg5 Ke4 53. Kxh5 Kf5 54. Kh6 Kf6 55. Kh5 Kg7 56. Kg5 Kh8 57. Kg6 Kg8 58. Kh6 Kh8 59. Kg6 Kg8 60. Kh6 Kh8 61. h5 Kg8 62. Kg6 Kh8 63. h6 Kg8 64. h7+ Kh8 65. Kh6 1/2-1/2

[Event "*** Qualifier 4: Titled Tuesday 3|2 Blitz"]
[Site "Chess.com"]
[Date "2017.04.25"]
[Round "2"]
[White "Grootneus"]
[Black "kharov2001"]
[Result "1-0"]
[WhiteElo "2098"]
[BlackElo "1933"]
[TimeControl "180+2"]
[EndTime "13:21:25 PDT"]
[Termination "Grootneus won on time"]

1. e4 c5 2. c3 d5 3. exd5 Qxd5 4.
d4 cxd4 5. cxd4 e6 6. Nf3 Nc6 7. Be2 Nf6 8. O-O Be7 9. Nc3 Qd8 10. Be3 O-O 11. a3 a6 12. Rc1 Nd5 13. Ne4 Nxe3 14.
fxe3 Bd7 15. Bd3 Rc8 16. Bb1 f5 17. Ned2 Qe8 18. Nc4 Bf6 19. Nd6 Qg6 20. Nxc8 Rxc8 21.
d5 Ne7 22. dxe6 Bxe6 23. Qd6 Rxc1 24. Rxc1 Bd5 25. Qd8+ Kf7 26. e4 fxe4 27. Rc7 Qh5 28. Ne1 Qd1 29. Kf1 e3 30. Rxe7+ Bxe7 31. Ba2 1-0

[Event "*** Qualifier 4: Titled Tuesday 3|2 Blitz"]
[Site "Chess.com"]
[Date "2017.04.25"]
[Round "2"]
[White "Sanan_Sjugirov"]
[Black "Oneofmyturns"]
[Result "1-0"]
[WhiteElo "2653"]
[BlackElo "2505"]
[TimeControl "180+2"]
[EndTime "13:21:29 PDT"]
[Termination "Sanan_Sjugirov won by resignation"]

1. e4 Nf6 2. e5 Nd5 3. d4 d6 4.
Nf3 Bg4 5. Be2 e6 6. O-O Be7 7. h3 Bh5 8. c4 Nb6 9. Nc3 O-O 10. exd6 cxd6 11. Be3 Nc6 12. d5 exd5 13. Nxd5 Bxf3 14. Bxb6 axb6 15. Bxf3 Bf6 16. Qd2 Be5 17. g3 Ne7 18. a3 Nxd5 19. Bxd5 Qc7 20. Rad1 Kh8 21. f4 Bf6 22.
Kg2 Rfe8 23. Rfe1 Rab8 24. Re2 h6 25. Rde1 Rxe2+ 26. Qxe2 Qc5 27. Bxf7 Qd4 28. b3 Rf8 29. Bd5 b5 30. Rd1 Qb2 31. Qxb2 Bxb2 32. cxb5 b6 33.
a4 Ba3 34. a5 bxa5 35. b6 Bc5 36. b7 g6 37. Be6 Rd8 38. Bc8 Ba7 39. Rd5 1-0

[Event "*** Qualifier 4: Titled Tuesday 3|2 Blitz"]
[Site "Chess.com"]
[Date "2017.04.25"]
[Round "2"]
[White "r31415"]
[Black "brauliocuarta"]
[Result "1-0"]
[WhiteElo "2191"]
[BlackElo "2041"]
[TimeControl "180+2"]
[EndTime "13:21:31 PDT"]
[Termination "r31415 won on time"]

1. e4 c5 2. Nf3 e6 3. d4 cxd4 4.
Nxd4 a6 5. c4 Nf6 6. Nc3 Bb4 7.
Qd3 Qc7 8. Nc2 Be7 9. Be2 O-O 10. O-O d6 11. Bf4 Nbd7 12. Ne3 b6 13. Rfd1 Ne5 14. Qc2 Bb7 15. Rac1 Rac8 16. h3 Rfd8 17. Qb1 Qb8 18. b4 Qa8 19. f3 Nh5 20. Bh2 Bg5 21. Kf2 Qa7 22. b5 a5 23. g3 Bxe3+ 24. Kxe3 f5 25. exf5 Nxc4+ 26. Bxc4 Rxc4 27. Qb3 d5 28. fxe6 Kh8 29. Qxc4 Qb8 30. Qd4 Nxg3 31. Bxg3 Qxg3 32. Qf4 Qg6 33. Ne4 Qxe6 34. Qc7 Rf8 35. Qd6 Qf5 36. Ke2 Qxf3+ 37. Kd2 dxe4 38. Kc2 1-0

[Event "*** Qualifier 4: Titled Tuesday 3|2 Blitz"]
[Site "Chess.com"]
[Date "2017.04.25"]
[Round "2"]
[White "DryCounty"]
[Black "TheLancer"]
[Result "1-0"]
[WhiteElo "2482"]
[BlackElo "2385"]
[TimeControl "180+2"]
[EndTime "13:21:38 PDT"]
[Termination "DryCounty won by resignation"]

1. Nf3 c5 2. c4 g6 3. d4 cxd4 4.
Nxd4 Bg7 5. e4 Nc6 6. Be3 Nf6 7. Nc3 d6 8. f3 Nxd4 9. Bxd4 O-O 10. Be2 a5 11. Na4 Nd7 12. Be3 Qc7 13. O-O Nc5 14. Nc3 Bd7 15. Nd5 Qd8 16. Rb1 Bc6 17. b3 e6 18. Nf4 Be5 19. Qd2 Qe7 20. Nd3 Bg7 21. Rfd1 Rfd8 22. Bg5 Bf6 23. Bf4 Bd4+ 24. Kh1 e5 25.
Bg5 f6 26. Be3 Ne6 27. Ne1 Bxe3 28. Qxe3 Nd4 29. Bd3 f5 30. Nc2 Nxc2 31. Bxc2 f4 32. Qb6 Ra6 33. Qf2 Be8 34. c5 dxc5 35. Bd3 Rad6 36.
Bc4+ Kg7 37. Bd5 b6 38. Rb2 Bf7 39. Rbd2 Bxd5 40. exd5 e4 41. fxe4 Qxe4 42. Re1 Qf5 43. Re7+ Kg8 44. h3 Rxd5 45. Rde2 Rd1+ 46. Kh2 f3 47. Qxf3 Qf4+ 48. Qxf4 1-0

[Event "*** Qualifier 4: Titled Tuesday 3|2 Blitz"]
[Site "Chess.com"]
[Date "2017.04.25"]
[Round "2"]
[White "MorpheusPro"]
[Black "Enzy63"]
[Result "0-1"]
[WhiteElo "2026"]
[BlackElo "2035"]
[TimeControl "180+2"]
[EndTime "13:21:38 PDT"]
[Termination "Enzy63 won by resignation"]

1. g3 Nf6 2. Bg2 g6 3. e3 Bg7 4. Ne2 O-O 5. O-O d5 6. d4 c5 7. Nd2 b6 8. b3 Bb7 9. Bb2 Nbd7 10. Nf3 Ne4 11. Nf4 e6 12. Re1 Qc7 13. Rb1 Rad8 14. c3 e5 15. Nd3 Nxg3 16. hxg3 e4 17. Nfe5 exd3 18. Nxd3 Nf6 19. Ne5 Rfe8 20. Qc2 Bc8 21. Qd2 Bf5 22. Rbc1 h5 23. Ba1 Be4 24. Qe2 Bxg2 25.
Kxg2 Nd7 26. Nf3 Nf6 27. Rh1 Ng4 28. Qd3 Re7 29. dxc5 bxc5 30. c4 d4 31. exd4 cxd4 32. Rhd1 Qb7 33. Kg1 h4 34. Nxh4 Ne5 35.
Qf1 g5 36. Ng2 Nf3+ 37. Kh1 Re6 38. Ne1 Rh6+ 39. Kg2 Nxe1+ 0-1

[Event "*** Qualifier 4: Titled Tuesday 3|2 Blitz"]
[Site "Chess.com"]
[Date "2017.04.25"]
[Round "2"]
[White "GMBenjaminBok"]
[Black "ruvat"]
[Result "1-0"]
[WhiteElo "2630"]
[BlackElo "2245"]
[TimeControl "180+2"]
[EndTime "13:21:39 PDT"]
[Termination "GMBenjaminBok won by resignation"]

1. e4 d6 2. d4 Nf6 3. Nc3 g6 4.
Nf3 Bg7 5. Be2 O-O 6. O-O c6 7. a4 Qc7 8. Be3 Nbd7 9. h3 b6 10. Nd2 Bb7 11. f4 e6 12. e5 Nd5 13. Nxd5 cxd5 14.
Bd3 a5 15. Qg4 Ba6 16. Bxa6 Rxa6 17. c3 Raa8 18. Nf3 Rab8 19. Rf2 b5 20. axb5 Rxb5 21.
Re1 Rfb8 22. Ree2 a4 23. Qh4 Qb6 24. Qe7 Bf8 25. Qh4 Qd8 26. Qg4 Nb6 27. Ng5 Qd7 28. h4 Nc4 29. Bc1 a3 30. bxa3 Rb1 31. Rf1 h5 32. Qf3 Ra1 33. g4 hxg4 34. Qxg4 Rbb1 35.
Ree1 Ne3 36. Rxe3 Rxc1 37. Rxc1 Rxc1+ 38. Kh2 dxe5 39. fxe5 Qa4 40. Qf3 Qc2+ 41. Re2 Qd1 42. Qxf7+ 1-0

[Event "*** Qualifier 4: Titled Tuesday 3|2 Blitz"]
[Site "Chess.com"]
[Date "2017.04.25"]
[Round "2"]
[White "Schemato"]
[Black "TenisMaster"]
[Result "0-1"]
[WhiteElo "2246"]
[BlackElo "2687"]
[TimeControl "180+2"]
[EndTime "13:21:40 PDT"]
[Termination "TenisMaster won by checkmate"]

1. c4 e5 2. g3 Nf6 3. Bg2 Nc6 4.
Nc3 Bc5 5. a3 a6 6. e3 d6 7.
Nge2 Ba7 8. O-O O-O 9. h3 Bf5 10. d4 exd4 11. exd4 h6 12. Be3 Re8 13. g4 Bh7 14.
Ng3 Rb8 15. b4 Ne7 16. Re1 Ng6 17. Nf5 Nf8 18. Ng3 c6 19. Qd2 d5 20. Bf4 Rc8 21.
c5 Ne6 22. Be5 Nd7 23. Bd6 Qh4 24. Re3 Ng5 25. Nf1 Bb8 26. Bxb8 Rxb8 27. Rae1 Rxe3 28.
Qxe3 Ne6 29. Ng3 Ndf8 30. Nce2 Re8 31. Nf4 Nc7 32. Qd2 Rxe1+ 33. Qxe1 Qf6 34. Qe3 Nfe6 35. Ngh5 Qxd4 36. Qg3 Nxf4 37. Nxf4 Qe5 38. Qf3 Nb5 39. Nh5 Nd4 40. Qd1 Ne2+ 41. Kf1 Nc3 42. Qd2 d4 43. Ng3 d3 44. Bf3 Nb5 45. a4 Nd4 46. Kg2 Nxf3 47.
Kxf3 Qd5+ 48. Ke3 Qe5+ 49. Kf3 Bg6 50. h4 f6 51. h5 Bf7 52. Nf5 Bd5# 0-1

[Event "*** Qualifier 4: Titled Tuesday 3|2 Blitz"]
[Site "Chess.com"]
[Date "2017.04.25"]
[Round "2"]
[White "Gabix_94"]
[Black "Zlatan56"]
[Result "0-1"]
[WhiteElo "2436"]
[BlackElo "2584"]
[TimeControl "180+2"]
[EndTime "13:21:41 PDT"]
[Termination "Zlatan56 won by checkmate"]

1. e4 e5 2. Nf3 Nc6 3. Nc3 Nf6 4.
Be2 Bd6 5. d4 exd4 6. Nxd4 O-O 7.
O-O Be5 8. Be3 Re8 9. Bf3 d6 10. Re1 Bd7 11. h3 h6 12. Qd2 a6 13. Rad1 Nh7 14. Nd5 Ng5 15. Bxg5 hxg5 16. c3 Be6 17. Nxe6 fxe6 18. Ne3 Bf4 19. Bh5 Rf8 20. g3 Bxe3 21.
Rxe3 Ne5 22. Qe2 Rf6 23. Bg4 Qe7 24. Kg2 Raf8 25. f3 Rh6 26. c4 g6 27. Rh1 Kg7 28. b3 Rfh8 29. f4 gxf4 30. gxf4 Nxg4 31. Qxg4 Rh4 32. Qg3 Qf6 33. f5 R8h5 34. Qxg6+ Qxg6+ 35. fxg6 Rg5+ 36. Kf2 Rf4+ 37. Ke2 Rg2+ 38. Kd3 Rff2 39. e5 Rd2+ 40. Kc3 d5 41. cxd5 exd5 42. Rf3 c5 43.
Rc1 b5 44. b4 c4 45. Rf7+ Kxg6 46. Rf4 Rd3# 0-1

[Event "*** Qualifier 4: Titled Tuesday 3|2 Blitz"]
[Site "Chess.com"]
[Date "2017.04.25"]
[Round "2"]
[White "pedromartinez91"]
[Black "swayamsm"]
[Result "0-1"]
[WhiteElo "2312"]
[BlackElo "2437"]
[TimeControl "180+2"]
[EndTime "13:21:41 PDT"]
[Termination "swayamsm won by checkmate"]

1. Nf3 Nf6 2. g3 d5 3. Bg2 e6 4.
O-O Nbd7 5. c4 dxc4 6. Qc2 Nb6 7. a4 a5 8. Na3 Bb4 9. Nxc4 Nxc4 10. Qxc4 O-O 11.
d4 Rb8 12. Bf4 Nd5 13. Bd2 Bxd2 14. Nxd2 Bd7 15. Ne4 b5 16. axb5 Bxb5 17. Qc2 Nb4 18. Qd2 c6 19. Rfc1 Qb6 20. Qe3 Rbd8 21. Nc5 Rd6 22.
Qf4 Rfd8 23. e3 h6 24. Rc3 Nd5 25. Bxd5 exd5 26. Rca3 Be2 27. b3 Rf6 28. Qe5 Bf3 29.
Rxa5 Qb4 30. Qe7 Rf8 31. Ra8 Rxa8 32. Rxa8+ Kh7 33. Ra1 Qd2 34. Nd7 Rf5 35. Nf8+ Kg8 36. Qe8 g5 37. Ne6+ Kh7 38. Nf8+ Kg7 39. Nd7 Bd1 40.
Qf8+ Kh7 41. Ra2 Qe1+ 42. Kg2 Bf3+ 43. Kh3 Qf1# 0-1

[Event "*** Qualifier 4: Titled Tuesday 3|2 Blitz"]
[Site "Chess.com"]
[Date "2017.04.25"]
[Round "2"]
[White "grzechu96"]
[Black "geeeeri"]
[Result "1-0"]
[WhiteElo "2394"]
[BlackElo "2275"]
[TimeControl "180+2"]
[EndTime "13:21:43 PDT"]
[Termination "grzechu96 won by resignation"]

1. e4 e6 2. d4 d5 3. Nc3 Nf6 4.
e5 Nfd7 5. f4 c5 6. Nf3 Nc6 7. Be3 a6 8. Qd2 b5 9. dxc5 Bxc5 10.
Bd3 Qb6 11. Bf2 Bxf2+ 12. Qxf2 Qxf2+ 13. Kxf2 g6 14. Ne2 f6 15. exf6 e5 16. fxe5 Ndxe5 17. Nxe5 Nxe5 18. Nf4 Ng4+ 19. Kg3 Nxf6 20. Rae1+ Kf7 21.
Rhf1 Rd8 22. Re2 Ra7 23. Ref2 Kg7 24. Ne6+ Bxe6 25. Rxf6 Bf7 26. Rb6 Rda8 27. Rff6 Kg8 28. Kf2 Kg7 29. Ke3 Re8+ 30. Kd4 Rea8 31. Rfd6 Kf8 32. a3 Ke7 33. h4 Rg8 34. g3 Rga8 35.
c3 Ke8 36. Rdc6 Kd7 37. Rf6 Ke7 38. Rfc6 Be8 39. Re6+ Kd7 40. Rbd6+ Kc7 41. Rxd5 Rd8 42.
Re7+ Kc6 43. Rxa7 Rxd5+ 44. Ke4 Kc5 45. Rxh7 Bc6 46. Ke3 Re5+ 47. Kd2 g5 48. Rh5 Kb6 49.
Rxg5 Re7 50. Rg6 Rd7 51. Kc2 Kb7 52. h5 Bg2 53. h6 1-0

[Event "*** Qualifier 4: Titled Tuesday 3|2 Blitz"]
[Site "Chess.com"]
[Date "2017.04.25"]
[Round "2"]
[White "pastouche06"]
[Black "NMJeevanK"]
[Result "1-0"]
[WhiteElo "2318"]
[BlackElo "2397"]
[TimeControl "180+2"]
[EndTime "13:21:45 PDT"]
[Termination "pastouche06 won by checkmate"]

1. c4 e5 2. Nc3 Nc6 3. g3 Nf6 4.
Bg2 Bb4 5. e4 O-O 6. d3 d6 7.
Nf3 Bg4 8. h3 Be6 9. O-O Bxc3 10. bxc3 Qd7 11. Kh2 Ne8 12. Rb1 f5 13. exf5 Bxf5 14.
Nh4 Be6 15. Rxb7 Nd8 16. Rb1 Rc8 17. Be3 c6 18. Qa4 Rc7 19. Rb8 Nf6 20. Rfb1 Qf7 21. Nf3 Qh5 22. Bxa7 Bxh3 23. Bxh3 Qxf3 24. Qd1 Qxd1 25.
Rxd1 Rxa7 26. Rb2 Nf7 27. Ra1 Ng5 28. Bg2 d5 29. c5 Raf7 30. a4 Ng4+ 31. Kg1 Nxf2 32.
a5 Nxd3 33. Rb6 Nxc5 34. Rxc6 Nce4 35. a6 Ra7 36. c4 dxc4 37. Rxc4 Nxg3 38. Rb4 Rf6 39.
Bd5+ Kf8 40. Rb8+ Ke7 41. Rb7+ Rxb7 42. Bxb7 Ne2+ 43. Kg2 Nf4+ 44. Kg3 Nh5+ 45. Kg4 Rf4+ 46. Kxg5 Ng3 47. a7 Kf7 48. Bd5+ Ke7 49. a8=Q h6+ 50.
Kg6 Rf6+ 51. Kh7 Rd6 52. Ra7+ Rd7 53. Rxd7+ Kxd7 54. Kxg7 Nf5+ 55. Kf6 Nd6 56. Qc6+ Kd8 57. Qxd6+ Kc8 58. Bc6 e4 59. Qd7+ Kb8 60. Qb7# 1-0

[Event "*** Qualifier 4: Titled Tuesday 3|2 Blitz"]
[Site "Chess.com"]
[Date "2017.04.25"]
[Round "2"]
[White "Bigfish1995"]
[Black "Winehouse83"]
[Result "0-1"]
[WhiteElo "2637"]
[BlackElo "2273"]
[TimeControl "180+2"]
[EndTime "13:21:45 PDT"]
[Termination "Winehouse83 won by checkmate"]

1. e4 e5 2. Nf3 Nc6 3. Bb5 a6 4. Ba4 Nf6 5. O-O b5 6. Bb3 Bc5 7. Nc3 O-O 8. Nxe5 Nxe5 9. d4 Bxd4 10. Qxd4 d6 11. a4 c5 12. Qd1 c4 13. Ba2 b4 14.
Nd5 Nxd5 15. exd5 Bf5 16. h3 Qf6 17. f4 Ng6 18. Bxc4 Nh4 19. g4 Rfc8 20. Bb3 Be4 21. Be3 Ng2 22. Qd4 Nxe3 23. Qxe3 Re8 24. Qd2 Qxb2 25. Rab1 Qf6 26. Qxb4 Qh4 27. Kh2 Bxc2 28. Rbe1 Rxe1 29. Rxe1 Qf2+ 30. Kh1 Bxb3 31. Qe4 h6 32. Re3 Rb8 33. Rf3 Qd2 34. Rd3 Qc1+ 35. Kh2 Qc2+ 36. Kg3 Bc4 37. Re3 Qxe4 38. Rxe4 Bxd5 39. Rd4 Be6 40.
Rxd6 a5 41. Ra6 Rb3+ 42. Kh4 Bc4 43. Ra8+ Kh7 44. g5 Be6 45. gxh6 Rxh3+ 46. Kg5 f6# 0-1

[Event "*** Qualifier 4: Titled Tuesday 3|2 Blitz"]
[Site "Chess.com"]
[Date "2017.04.25"]
[Round "2"]
[White "gmcorrales"]
[Black "Iball95"]
[Result "1-0"]
[WhiteElo "2606"]
[BlackElo "2526"]
[TimeControl "180+2"]
[EndTime "13:21:50 PDT"]
[Termination "gmcorrales won by resignation"]

1. d4 Nf6 2. Bg5 Ne4 3. Bf4 d5 4. e3 c5 5. Bd3 Nf6 6. Nf3 Nc6 7. O-O Bg4 8. c3 e6 9. Nbd2 Bd6 10. Bg3 O-O 11. Bh4 Rc8 12. h3 Bh5 13. dxc5 Bxc5 14. Qe2 Be7 15. Rad1 Qb6 16. Nb3 Bg6 17. Bxg6 hxg6 18.
Bxf6 Bxf6 19. e4 dxe4 20. Qxe4 Rfd8 21. g4 Qb5 22. Kg2 g5 23. Qe3 a5 24. Rxd8+ Rxd8 25. Qc5 Qe2 26. Nxa5 Rd5 27. Qc4 Rd3 28. Ng1 Qc2 29.
Nxc6 bxc6 30. Qe4 Rd2 31. Qxc2 Rxc2 32. Rb1 c5 33. Nf3 Bd8 34. Ne5 f6 35. Nc4 Kf7 36. Rd1 Ke7 37. a4 e5 38. Kf3 g6 39. Ke3 f5 40.
Rd2 Rc1 41. Nxe5 Bc7 42. Rd7+ Ke6 43. Rxc7 Kxe5 44. Rxc5+ Kf6 45. Rc6+ Ke5 46. Rxg6 f4+ 47. Kf3 Rh1 48. Rxg5+ 1-0

[Event "*** Qualifier 4: Titled Tuesday 3|2 Blitz"]
[Site "Chess.com"]
[Date "2017.04.25"]
[Round "2"]
[White "maciek_92"]
[Black "Noukii"]
[Result "0-1"]
[WhiteElo "2510"]
[BlackElo "2644"]
[TimeControl "180+2"]
[EndTime "13:21:51 PDT"]
[Termination "Noukii won by resignation"]

1. c4 e5 2. Nc3 Bb4 3. Nd5 a5 4.
a3 Bc5 5. Nf3 c6 6. Nc3 d6 7. d4 exd4 8. Nxd4 Nf6 9. Bg5 h6 10.
Bh4 Qe7 11. e3 O-O 12. Be2 Be6 13. O-O Nbd7 14. Qc2 Rfe8 15. Rad1 Ne5 16. Nf5 Bxf5 17. Qxf5 Ned7 18. Bg3 Rad8 19. Na4 Ne4 20. Bd3 Ndf6 21. Bh4 g6 22. Qf3 g5 23. Bg3 Ba7 24. Bb1 Qe6 25. Qe2 Kg7 26. Nc3 Nxc3 27. bxc3 Bc5 28. a4 Ne4 29. Qb2 b6 30. Rfe1 h5 31. Bxe4 Qxe4 32.
f3 Qxc4 33. Bf2 d5 34. Qc2 Re5 35. h4 g4 36. f4 Re4 37. g3 Rde8 38. Rd3 Qxa4 39.
Qd2 Qc4 40. Kg2 a4 41. Qc2 b5 42. Qd2 Bb6 43. Rb1 Qc5 44. Rb4 Qe7 45. Rxe4 Qxe4+ 46. Kf1 a3 47. Ke2 Qc4 48. Qc1 a2 49. Kd2 Ra8 50. Qa1 Qb3 51. Ke2 Qc2+ 52. Rd2 Qe4 53. c4+ f6 54. cxd5 cxd5 55. Rd1 Qc4+ 56. Rd3 Ra3 0-1

[Event "*** Qualifier 4: Titled Tuesday 3|2 Blitz"]
[Site "Chess.com"]
[Date "2017.04.25"]
[Round "2"]
[White "WeiYi1999"]
[Black "Shivagami"]
[Result "0-1"]
[WhiteElo "2068"]
[BlackElo "1941"]
[TimeControl "180+2"]
[EndTime "13:21:52 PDT"]
[Termination "Shivagami won by resignation"]

1. e4 e5 2. Nf3 Nc6 3. Bc4 Nf6 4. Ng5 d5 5. exd5 Na5 6. Bb5+ c6 7. dxc6 bxc6 8.
Qf3 Qc7 9. Ba4 h6 10. Ne4 Nxe4 11. Qxe4 Be6 12. b4 Bd5 13. Qxd5 Bxb4 14. c3 O-O 15.
Qf3 Bc5 16. O-O Rfe8 17. Bb3 e4 18. Qg3 Bd6 19. Qh3 Re5 20. d4 exd3 21. Bf4 Rb5 22. Bxd6 Qxd6 23. Nd2 Qe5 24. Qf3 Nxb3 25. Qxc6 Nxd2 26.
Qxa8+ Kh7 27. Rfe1 Qxc3 28. Rac1 Qd4 29. Qe8 Rf5 30.
Qe3 Qb2 31. Qxd3 g6 32. Rc2 Re5 33. Qxd2 Qxc2 34. Qc1 Qf5 35. Rxe5 Qxe5 36. Qe3 Qa1+ 0-1

[Event "*** Qualifier 4: Titled Tuesday 3|2 Blitz"]
[Site "Chess.com"]
[Date "2017.04.25"]
[Round "2"]
[White "pawnwonder"]
[Black "indfraeng"]
[Result "0-1"]
[WhiteElo "1854"]
[BlackElo "1771"]
[TimeControl "180+2"]
[EndTime "13:21:52 PDT"]
[Termination "indfraeng won by resignation"]

1. e4 c6 2. d4 d5 3. Nc3 dxe4 4. Nxe4 Nd7 5. Ng5 Ngf6 6. N1f3 e6 7. Bd3 Bd6 8. Qe2 h6 9. Ne4 Nxe4 10. Bxe4 Nf6 11. Bd3 O-O 12. Bd2 b6 13. O-O-O Bb7 14. Ne5 Qc7 15.
Kb1 c5 16. c3 cxd4 17. cxd4 Nd5 18. Rhg1 Rad8 19. Qh5 Nf6 20. Qe2 Be7 21. Rc1 Qd6 22.
Be3 a5 23. g4 a4 24. f4 a3 25. b3 Nd5 26. Bf2 Nxf4 27. Qd2 Nxd3 28. Qxd3 Qxe5 29. Rge1 Qf4 30. Bg3 Qxd4 31. Qxd4 Rxd4 32. Rc7 Be4+ 33. Rxe4 Rxe4 34. Rxe7 Rc8 35. Rb7 Rd4 36. Rc7 Rxc7 37. Bxc7 Rxg4 38. Bxb6 e5 39. Bc5 e4 40. Bxa3 Rg2 41.
Bc5 Rxh2 42. a4 f5 43. a5 Rd2 44. a6 f4 45. a7 Rd8 46. Kc2 e3 47. Kc3 e2 48. Bf2 g5 49. b4 g4 50. b5 g3 51. Be1 g2 52. b6 g1=Q 0-1

[Event "*** Qualifier 4: Titled Tuesday 3|2 Blitz"]
[Site "Chess.com"]
[Date "2017.04.25"]
[Round "2"]
[White "FelixBlohberger"]
[Black "Makalexa"]
[Result "1/2-1/2"]
[WhiteElo "2259"]
[BlackElo "2177"]
[TimeControl "180+2"]
[EndTime "13:21:55 PDT"]
[Termination "Game drawn by repetition"]

1. c4 g6 2. e4 d6 3. d4 Nf6 4.
Nc3 Bg7 5. Be2 O-O 6. Nf3 e5 7. O-O Nc6 8. dxe5 Nxe5 9. Nxe5 dxe5 10. Be3 c6 11. Qa4 a6 12. Rfd1 Qc7 13. c5 Be6 14.
f3 Rad8 15. b4 Nh5 16. Bf1 Nf4 17. Rxd8 Rxd8 18. Rd1 Rxd1 19. Qxd1 Qe7 20. g3 Nh5 21. a4 f5 22. exf5 gxf5 23. Bf2 Nf6 24. b5 axb5 25.
axb5 Nd5 26. Nxd5 Bxd5 27. Qc2 e4 28. fxe4 fxe4 29. Be3 Qf6 30. Qf2 Qc3 31. h4 h6 32.
Kh2 Qb2 33. Qxb2 Bxb2 34. b6 Kg7 35. Bh3 Bc4 36. Bf5 Bd3 37. g4 Be5+ 38. Kg2 Bf6 39. Kh3 Be5 40. g5 Bf1+ 41. Kg4 Be2+ 42. Kh3 Bf1+ 43.
Kg4 Be2+ 44. Kh3 Bf1+ 45. Kg4 Be2+ 46. Kh3 Bf1+ 47. Kg4 1/2-1/2

[Event "*** Qualifier 4: Titled Tuesday 3|2 Blitz"]
[Site "Chess.com"]
[Date "2017.04.25"]
[Round "2"]
[White "nonscitis"]
[Black "ABDELAZEEZ-M"]
[Result "1-0"]
[WhiteElo "2340"]
[BlackElo "2167"]
[TimeControl "180+2"]
[EndTime "13:21:55 PDT"]
[Termination "nonscitis won by checkmate"]

1. e3 d5 2. c4 c6 3. d4 Nf6 4.
Nc3 e6 5. Nf3 a6 6. b3 b5 7. Bd3 b4 8. Na4 Bb7 9. Ne5 Nbd7 10. f4 Bd6 11. c5 Bxe5 12. fxe5 Ne4 13. O-O f5 14. Qh5+ g6 15. Qh6 Qe7 16. Bxe4 dxe4 17.
Bd2 a5 18. Be1 Ba6 19. Bh4 Qf7 20. Rf2 Bb5 21. Nb6 Nxb6 22. cxb6 a4 23. Rc1 axb3 24.
axb3 Kd7 25. Rfc2 Rhb8 26. Be1 Rxb6 27. Bxb4 Bd3 28. Bc5 Rxb3 29. Rf2 Bb5 30. h4 Ra4 31. Re1 Bd3 32. Rd2 Bc4 33. Rf2 Bb5 34. Rd2 Rd3 35.
Rb2 f4 36. Qxf4 Qxf4 37. exf4 Rc4 38. Kf2 Ra4 39. Rxe4 Kc7 40. Re3 Rxe3 41. Kxe3 Rc4 42. Kf3 Rc3+ 43. Kg4 h5+ 44. Kg5 Rg3+ 45. Kf6 Bc4 46.
Rc2 Bd5 47. Bd6+ Kd7 48. Rb2 Bxg2 49. Rb7+ Kc8 50. Rc7+ Kd8 51. Kxe6 Bd5+ 52. Kf6 Rg4 53. e6 Bxe6 54. Kxe6 Rxh4 55. Rh7 Kc8 56. Rc7+ Kd8 57. Rxc6 Rg4 58. Be7+ Ke8 59. Rc8# 1-0

[Event "*** Qualifier 4: Titled Tuesday 3|2 Blitz"]
[Site "Chess.com"]
[Date "2017.04.25"]
[Round "2"]
[White "Bugcrusher"]
[Black "hansen"]
[Result "1-0"]
[WhiteElo "2474"]
[BlackElo "2647"]
[TimeControl "180+2"]
[EndTime "13:21:59 PDT"]
[Termination "Bugcrusher won by resignation"]

1. d4 Nf6 2. c4 e6 3. Nf3 b6 4. Nc3 Bb7 5. a3 d5 6. Bg5 Be7 7. Qa4+ c6 8. Bxf6 Bxf6 9. e4 dxc4 10.
Qxc4 Nd7 11. e5 Be7 12. Bd3 b5 13. Qb3 a6 14. Rd1 c5 15. dxc5 Qc7 16. Ne4 Nxe5 17.
Nd6+ Bxd6 18. cxd6 Nxf3+ 19. gxf3 Qc5 20. d7+ Ke7 21. Be4 Bxe4 22. fxe4 Ra7 23. Qg3 Rxd7 24. Rxd7+ Kxd7 25. O-O g5 26. Rd1+ Ke7 27. b4 Qb6 28.
Qxg5+ Ke8 29. Rc1 Kd7 30. Qg7 Re8 31. Rd1+ Kc8 32. Qxf7 Rd8 33. Rxd8+ Kxd8 34. Qg8+ Kd7 35. Qxh7+ Kd6 36. Qg7 Qc6 37. Qf8+ Kd7 38. Qf7+ Kd8 39. Qf4 Qc3 40. h4 Qxa3 41. h5 Qa1+ 42. Kg2 Qg7+ 43. Kh2 Qh7 44. h6 Kc8 45. Qf8+ 1-0

[Event "*** Qualifier 4: Titled Tuesday 3|2 Blitz"]
[Site "Chess.com"]
[Date "2017.04.25"]
[Round "2"]
[White "PowerThinking2650"]
[Black "PelinGorki"]
[Result "0-1"]
[WhiteElo "2288"]
[BlackElo "2336"]
[TimeControl "180+2"]
[EndTime "13:22:08 PDT"]
[Termination "PelinGorki won by checkmate"]

1. e4 d6 2. d4 Nf6 3. Nc3 c6 4.
f4 Qa5 5. Bd3 e5 6. Nf3 exd4 7.
Nxd4 Qb6 8. Nf3 d5 9. exd5 cxd5 10. Qe2+ Be7 11. Nb5 O-O 12. Be3 Bc5 13. Bxc5 Qxc5 14. O-O-O Nc6 15. Rhe1 Bg4 16. h3 Bxf3 17. Qxf3 a6 18.
Nc3 Nb4 19. Kb1 Nxd3 20. Qxd3 Rfe8 21. Re5 Rad8 22. Rxe8+ Rxe8 23. a3 Ne4 24. Nxd5 Nf2 25. Qd4 Qxd4 26. Rxd4 Re1+ 27. Ka2 h5 28. Nc3 Rg1 29.
Rd2 Rf1 30. b4 f6 31. Kb2 g5 32. fxg5 fxg5 33. Rd5 g4 34. Rxh5 gxh3 35. gxh3 Rh1 36. h4 Kg7 37. Rg5+ Kf6 38. Rh5 Ng4 39. Rh7 b5 40. h5 Rh2 41. Nd5+ Ke5 42. Rg7 Nf2 43.
Rg5+ Kd4 44. Nc7 Nd1+ 45. Kb3 Rh3+ 46. Ka2 Nc3+ 47. Kb2 Na4+ 48. Kb1 Nc3+ 49. Kb2 Na4+ 50. Ka1 Rh1+ 51. Ka2 Nc3+ 52. Kb2 Rb1# 0-1

[Event "*** Qualifier 4: Titled Tuesday 3|2 Blitz"]
[Site "Chess.com"]
[Date "2017.04.25"]
[Round "2"]
[White "rasmussvane"]
[Black "Alexander_Moskalenko"]
[Result "0-1"]
[WhiteElo "2518"]
[BlackElo "2632"]
[TimeControl "180+2"]
[EndTime "13:22:10 PDT"]
[Termination "Alexander_Moskalenko won by resignation"]

1. Nf3 b6 2. g3 Bb7 3. Bg2 Nf6 4.
O-O g6 5. c4 Bg7 6. d4 e6 7. Nc3 Ne4 8. Nxe4 Bxe4 9. Bg5 Qc8 10. Qd2 O-O 11. Bh6 d6 12. Bxg7 Kxg7 13. Qf4 Qb7 14.
c5 Qd5 15. Rfc1 Nc6 16. Qe3 Rfd8 17. Rc3 dxc5 18. dxc5 b5 19. a3 e5 20. Rcc1 a6 21. Bf1 h6 22. Bg2 Rd7 23. h4 f5 24. h5 g5 25. b4 Rad8 26. Re1 Bxf3 27. Bxf3 e4 28. Bg2 Qe5 29. g4 Nd4 30. Rac1 Re7 31. gxf5 Nxf5 32.
Qc3 e3 33. fxe3 Nxe3 34. Qxe5+ Rxe5 35. Bb7 Rd4 36. Bf3 g4 37. Bb7 Kf6 38. Rc3 Kg5 39.
Rd3 Nf5 40. Rxd4 Nxd4 41. Kf2 Kxh5 42. Bxa6 Kg5 43. e3 Nc2 44. Re2 Nxa3 45. Ra2 Nc4 46. Re2 c6 47. Bb7 Re6 48. Bc8 Rf6+ 49. Kg2 h5 50. e4 Ne5 51. Bf5 h4 52. Rd2 Kf4 53. Rf2+ Ke3 54. Rf1 Rf8 55. Re1+ Kf4 56. Rf1+ Kg5 57. Rf2 Rd8 58. Ra2 h3+ 59. Kh2 Kh4 60. Ra7 Nf3+ 0-1

[Event "*** Qualifier 4: Titled Tuesday 3|2 Blitz"]
[Site "Chess.com"]
[Date "2017.04.25"]
[Round "2"]
[White "underdogchss"]
[Black "pKiLz5Rn9b"]
[Result "0-1"]
[WhiteElo "2381"]
[BlackElo "2443"]
[TimeControl "180+2"]
[EndTime "13:22:11 PDT"]
[Termination "pKiLz5Rn9b won by resignation"]

1. d4 Nf6 2. c4 e6 3. Nf3 b6 4. g3 Bb7 5. Bg2 Be7 6. O-O O-O 7.
Re1 d5 8. cxd5 exd5 9. Nc3 Na6 10. Bf4 c5 11. e3 Ne4 12. h4 Nc7 13. Rc1 Ne6 14.
Be5 f6 15. Bf4 Nxf4 16. exf4 Rc8 17. Bh3 f5 18. dxc5 Bxc5 19. Nd4 Qf6 20. Nce2 Ba6 21.
Rxc5 bxc5 22. Nxf5 Rcd8 23. Nc3 Nxc3 24. bxc3 Rfe8 25. Rxe8+ Rxe8 26. Qxd5+ Kh8 27. Nd6 Rf8 28. Qxc5 Rd8 29. Ne4 Qb6 30. Qe7 Bb7 31. Ng5 Rd1+ 32. Bf1 Rxf1+ 33. Kxf1 Qb1+ 34. Ke2 Qc2+ 35. Ke1 Qc1+ 36.
Ke2 Qc2+ 37. Ke1 Qxc3+ 38. Kf1 Qa1+ 39. Ke2 Qxa2+ 40. Kd3 Qb3+ 41. Kd4 Qb2+ 42. Kd3 Ba6+ 43. Ke4 Qe2+ 44. Kf5 Qxe7 0-1